 Dungeon Crawl Stone Soup version 0.27.1-34-g3ba077fa99 (webtiles) character file.

Game seed: 16984546432270910909

2242 safid the Cleaver (level 9, 0/71 HPs)
             Began as a Hill Orc Fighter on Jan 21, 2022.
             Was an Initiate of Beogh.
             Slain by a gnoll sergeant (9 damage)
             ... on level 6 of the Dungeon.
             The game lasted 00:13:07 (7312 turns).

safid the Cleaver (Hill Orc Fighter)                Turns: 7312, Time: 00:13:08

Health: 0/71       AC: 11    Str: 22    XL:     9   Next: 37%
Magic:  9/9        EV:  8    Int:  8    God:    Beogh [......]
Gold:   361        SH: 12    Dex: 10    Spells: 8/8 levels left

rFire    . . .     SeeInvis .   a - +0 war axe
rCold    . . .     Faith    .   c - +0 kite shield
rNeg     . . .     Spirit   .   b - +0 scale mail
rPois    .         Reflect  .   m - +0 helmet
rElec    .         Harm     .   (no cloak)
rCorr    .         Rampage  .   (no gloves)
Will     .....                  i - +2 pair of boots {Stlth+}
Stlth    +.........             (no amulet)
HPRegen  0.21/turn              (no ring)
MPRegen  0.11/turn              (no ring)

@: no status effects
A: no striking features
a: Renounce Religion


You were on level 6 of the Dungeon.
You worshipped Beogh.
Beogh was noncommittal.
You visited 1 branch of the dungeon, and saw 6 of its levels.
You also visited: Ossuary.

You collected 361 gold pieces.

Inventory:

Hand Weapons
 a - a +0 war axe (weapon)
Missiles
 k - 22 poisoned darts (quivered)
Armour
 b - a +0 scale mail (worn)
 c - a +0 kite shield (worn)
 i - a +2 pair of boots of stealth (worn)
 m - a +0 helmet (worn)
Wands
 x - a wand of flame (19)
 y - a wand of iceblast (9)
Scrolls
 d - a scroll of noise {unknown}
 e - 2 scrolls of immolation {unknown}
 f - a scroll of fear {unknown}
 g - a scroll of enchant armour {unknown}
 l - 2 scrolls of vulnerability {unknown}
 n - 3 scrolls of enchant weapon
 o - a scroll of magic mapping {unknown}
 q - a scroll of amnesia {unknown}
 s - a scroll of holy word {unknown}
 A - a scroll of teleportation {unknown}
Potions
 h - a potion of haste {unknown}
 j - 3 potions of heal wounds
 p - 2 potions of flight
 r - 2 potions of ambrosia {unknown}
 t - 3 potions of attraction {unknown}
 u - 2 potions of lignification {unknown}
 v - a potion of mutation {unknown}
 w - a potion of resistance {unknown}


   Skills:
 - Level 4.0 Fighting
 + Level 11.1 Axes
 - Level 4.0 Armour
 + Level 9.8 Shields


You had 8 spell levels left.
You didn't know any spells.
Your spell library contained the following spells:

 Spells                   Type           Power      Damage    Failure   Level
 Beastly Appendage        Tmut           0%         N/A       91%         1
 Freeze                   Ice            0%         1d3       91%         1
 Passwall                 Tmut/Erth      0%         N/A       97%         2
 Sublimation of Blood     Necr           0%         N/A       97%         2
 Wereblood                Tmut           0%         N/A       97%         2
 Call Canine Familiar     Summ           0%         N/A       100%        3
 Frozen Ramparts          Ice            0%         1d2       100%        3
 Portal Projectile        Hex/Tloc       0%         N/A       100%        3
 Spider Form              Tmut/Pois      0%         N/A       100%        3
 Swiftness                Air            0%         N/A       100%        3
 Hailstorm                Conj/Ice       0%         3d3       100%        4
 Leda's Liquefaction      Hex/Erth       0%         N/A       100%        4
 Invisibility             Hex            0%         N/A       100%        6
 Summon Hydra             Summ           0%         N/A       100%        7


Dungeon Overview and Level Annotations

Branches:
Dungeon (6/15)             Temple (0/1) D:5         Ossuary (visited)

Altars:
Dithmenos


Message History

You feel very sick. You block the hound's attack.
The gnoll sergeant completely misses you.
The hound closely misses you.
Unknown command.
You closely miss the hound.
The hound is moderately wounded.
You feel very sick.
The gnoll sergeant hits you from afar with a +1 spear of venom.
You are more poisoned.
The hound bites you but does no damage.
The gnoll sergeant hits you from afar with a +1 spear of venom!
* * * LOW HITPOINT WARNING * * *
You are more poisoned.
* * * LOW HITPOINT WARNING * * *
You feel extremely sick. You block the hound's attack.
Unknown command.
* * * LOW HITPOINT WARNING * * *
You feel extremely sick.
You feel much better.
* * * LOW HITPOINT WARNING * * *
You feel very sick. The hound bites you.
* * * LOW HITPOINT WARNING * * *
The gnoll sergeant hits you from afar with a +1 spear of venom.
* * * LOW HITPOINT WARNING * * *
You are more poisoned.
You block the hound's attack.
* * * LOW HITPOINT WARNING * * *
You feel extremely sick.
The gnoll sergeant hits you but does no damage.
You are more poisoned.
* * * LOW HITPOINT WARNING * * *
You feel extremely sick. The hound closely misses you.
You feel better. You block the gnoll sergeant's attack.
The hound barely misses you.
The gnoll sergeant hits you from afar with a +1 spear of venom!
You die...

# #....#. #.....##..#.#... #
.......####.##......###... #
......(#)##..#..........<. #
......g(....##..#........( #
#....#)##...#..###.....### # #..
#.##...##.# #....### ## #
#..#gg[...###......## .##
##...h.....##........#
..##########..##@.........#.....#
.............................<...
.....#...##...............##..>..
...#.....##...#............####.#
..#...........###..........# ###
.......##..#..##...........#
.#....####.#..............##
.....##..'...............###
.....##.)'.................#


You could see a gnoll sergeant (fast), a hound and a gnoll.

Vanquished Creatures
  Grinder (D:6)
  Sigmund (D:6)
  Menkaure (Ossuary)
  A hornet zombie (D:6)
  2 black bears
  2 necrophages (D:5)
  2 phantoms (D:5)
  2 bullfrogs (D:6)
  4 scorpions
  A bullfrog zombie (D:5)
  7 hounds
  A jelly (D:5)
  A gnoll shaman (D:6)
  2 iguanas (D:4)
  Natasha (thrice) (D:2)
  An orc wizard (D:6)
  3 mummies (Ossuary)
  Robin (D:4)
  7 adders
  11 gnolls
  An ufetubus (D:5)
  6 dart slugs
  3 orcs
  9 endoplasms
  2 giant cockroaches
  6 gnoll zombies (Ossuary)
  12 goblins
  7 hobgoblins
  2 jackals (D:1)
  4 quokkas
  6 ball pythons
  4 bats
  4 frilled lizards
  3 gnoll skeletons (Ossuary)
  4 goblin skeletons (Ossuary)
  3 goblin zombies (Ossuary)
  6 hobgoblin skeletons (Ossuary)
  6 hobgoblin zombies (Ossuary)
  9 kobolds
  4 kobold skeletons (Ossuary)
  2 kobold zombies (Ossuary)
  3 orc skeletons (Ossuary)
  5 orc zombies (Ossuary)
  6 rats
  5 rat skeletons (Ossuary)
  3 rat zombies (Ossuary)
179 creatures vanquished.

Vanquished Creatures (others)
  7 plants
7 creatures vanquished.

Grand Total: 186 creatures vanquished

Notes
Turn   | Place    | Note
-------+----------+-------------------------------------------
     0 | D:1      | safid the Hill Orc Fighter began the quest for the Orb.
     0 | D:1      | Reached XP level 1. HP: 19/19 MP: 1/1
   100 | D:1      | Found a faded altar of an unknown god.
   309 | D:1      | Reached skill level 3 in Axes
   309 | D:1      | Reached XP level 2. HP: 26/27 MP: 2/2
  1084 | D:1      | Reached XP level 3. HP: 30/33 MP: 3/3
  1188 | D:2      | Found a shadowy altar of Dithmenos.
  1463 | D:2      | Noticed Natasha
  1477 | D:2      | Killed Natasha
  1478 | D:2      | Reached XP level 4. HP: 29/40 MP: 4/4
  1652 | D:2      | Noticed Natasha
  1659 | D:2      | Killed Natasha
  1660 | D:2      | Reached skill level 4 in Axes
  2209 | D:2      | Noticed Natasha
  2222 | D:2      | Killed Natasha
  2223 | D:2      | Reached XP level 5. HP: 46/46 MP: 5/5
  2386 | D:3      | Reached skill level 5 in Axes
  2574 | D:3      | Found a shadowy altar of Dithmenos.
  2624 | D:3      | Reached skill level 5 in Shields
  2700 | D:3      | HP: 2/46 [gnoll (3)]
  3010 | D:3      | Reached XP level 6. HP: 48/52 MP: 6/6
  3598 | D:4      | Noticed Robin
  3679 | D:4      | Noticed a black bear
  3693 | D:4      | Reached skill level 6 in Axes
  3693 | D:4      | Killed a black bear
  3809 | D:4      | Reached XP level 7. HP: 10/59 MP: 7/7
  3841 | D:4      | Found a sand-covered staircase.
  3847 | Ossuary  | Entered an ossuary
  4375 | Ossuary  | Reached skill level 7 in Axes
  4376 | Ossuary  | Noticed Menkaure
  4386 | Ossuary  | Killed Menkaure
  5081 | D:4      | Killed Robin
  5082 | D:4      | Reached skill level 8 in Axes
  5605 | D:5      | Entered Level 5 of the Dungeon
  5683 | D:5      | Reached XP level 8. HP: 66/66 MP: 8/8
  5848 | D:5      | Reached skill level 9 in Axes
  6082 | D:5      | Found a staircase to the Ecumenical Temple.
  6619 | D:6      | Reached skill level 10 in Axes
  6739 | D:6      | Noticed Grinder
  6760 | D:6      | Killed Grinder
  6761 | D:6      | Reached XP level 9. HP: 61/71 MP: 9/9
  7126 | D:6      | Became a worshipper of Beogh the Brigand
  7177 | D:6      | Noticed Sigmund
  7188 | D:6      | Killed Sigmund
  7189 | D:6      | Reached skill level 11 in Axes
  7308 | D:6      | HP: 1/71 [poisoned by a gnoll sergeant]
  7312 | D:6      | Slain by a gnoll sergeant

Illustrated notes

Levels and vault maps discovered:
D:1:      nzn_arrival_settlement, layout_loops_ring, serial_bayou,
          serial_bayou_lagoon_a, serial_bayou_shore_b, serial_bayou_shore_b,
          serial_bayou_pond_a, basic_ecumenical_altar
D:2:      layout_basic, basic_altar, uniq_natasha
D:3:      layout_basic, lemuel_tele_altar, chequers_big_river
D:4:      layout_cave_pods, nicolae_ossuary_entry_ruins, uniq_robin
D:5:      layout_basic, minmay_temple_entry_poolview
D:6:      layout_cave_pools, serial_gnoll_camp, gnoll_camp_medium_02,
          gnoll_camp_mini_hut, gnoll_camp_mini_hut, gnoll_camp_mini_basic,
          uniq_grinder, uniq_sigmund

Skill      XL: |  1  2  3  4  5  6  7  8  9 |
---------------+----------------------------+-----
Axes           | 3 4 5 6 8 10 11 | 11.1
Fighting       | 4 |  4.0
Armour         | 4 |  4.0
Shields        | 4 5 6 7 9 |  9.8

Action                   |  1- 3 |  4- 6 |  7- 9 || total
-------------------------+-------+-------+-------++-------
Melee: War axe           |   107 |   188 |   313 ||   608
Throw: Dart              |       |     1 |     6 ||     7
Invok: Convert to Beogh  |       |       |     1 ||     1
  Use: Potion            |       |     1 |     7 ||     8
       Scroll            |       |       |     4 ||     4
Armor: Scale mail        |    71 |   112 |   119 ||   302
Dodge: Dodged            |    28 |    78 |   102 ||   208
Block: Kite shield       |    60 |   134 |   162 ||   356
